cohdb
Replays
Latest Replays
All Replays
Popular Replays
Top Player Replays
Match Explorer
How It Works
Community
CoH3 Stats
Reddit
Sign in to upload your games and track your stats! →
Sign in with Steam
Match 43943213
Unlisted
Match 43943213
Overview
Messages
Build Orders
End
Pioneer Squad
Kettenkrad Recon Vehicle
Construct Infanterie Kompanie
Grenadier Squad
Grenadier Squad
Grenadier Squad
Construct Luftwaffe Kompanie
Support Elements
Flak 30 Anti-aircraft Gun Team
Medical Bunker
Wirbelwind Flakpanzer
Side Skirts
Selects Terror Battlegroup
Selects Machine Gun Camouflage
Selects Defend the Fatherland
Selects Machine Gun Camouflage
Selects Defend the Fatherland
Construct Panzer Kompanie
Selects King Tiger Heavy Tank
Zyso
Cow
Stormless
MightySwift
0
0
Comments
sign in to comment!
No comments posted yet!